 Dungeon Crawl Stone Soup version 0.18.1-47-g9310371 (webtiles) character file.

1047 sleepydude the Basher (level 8, -5/46 HPs)
             Began as a Gargoyle Fighter on June 18, 2016.
             Was a Follower of Okawaru.
             Killed by divine providence
             ... invoked by an orc priest
              (7 damage)
             ... on level 6 of the Dungeon.
             The game lasted 00:21:56 (4005 turns).

sleepydude the Basher (Gargoyle Fighter)            Turns: 4005, Time: 00:21:57

Health: -5/46      AC: 22    Str: 23    XL:     8   Next: 25%
Magic:  8/8        EV:  5    Int: 10    God:    Okawaru [*.....]
Gold:   315        SH:  9    Dex: 11    Spells: 0 memorised, 7 levels left

rFire  + . .     SeeInvis .     I - +0 flail (protect)
rCold  + . .     Gourm    .     j - +0 chain mail
rNeg   + . .     Faith    .     c - +0 shield
rPois  ∞         Spirit   .     u - +0 helmet
rElec  +         Dismiss  .     w - +0 cloak
rCorr  +         Reflect  .     (no gloves)
SustAt .         Harm     .     (no boots)
MR     .....                    (no amulet)
Stlth  ..........               x - +4 ring of strength
                                m - +1 ring of protection

@: resistant, not resistant to hostile enchantments, extremely unstealthy
A: negative energy resistance 1, electricity resistance, unbreathing,
petrification resistance, rot immunity, AC +5
a: Heroism, Renounce Religion


You were on level 6 of the Dungeon.
You worshipped Okawaru.
Okawaru was aware of your devotion.
You were not hungry.

You visited 2 branches of the dungeon, and saw 7 of its levels.

You collected 315 gold pieces.

Inventory:

Hand Weapons
 h - a +1 whip of freezing
 n - a +1 whip of pain
 I - a +0 flail of protection (weapon)
Armour
 c - a +0 shield (worn)
 j - a +0 chain mail (worn)
 u - a +0 helmet (worn)
 w - a +0 cloak (worn)
Jewellery
 m - a +1 ring of protection (left hand)
 p - an uncursed ring of fire
 x - a +4 ring of strength (right hand)
Wands
 B - a wand of disintegration (1/24)
 G - a wand of polymorph (15/24)
Scrolls
 k - 2 scrolls of blinking
 q - a scroll of random uselessness {unknown}
 r - a scroll of enchant armour {unknown}
 v - 5 scrolls of identify
 y - 2 scrolls of teleportation {unknown}
 z - 2 scrolls of magic mapping {unknown}
 E - a scroll of summoning {unknown}
 H - a scroll of remove curse
Potions
 a - a potion of magic {unknown}
 d - a potion of might
 e - 2 potions of cure mutation
 g - 5 potions of curing {unknown}
 i - a potion of mutation {unknown}
 o - a potion of ambrosia {unknown}
 s - 2 potions of berserk rage {unknown}
 A - a potion of degeneration {unknown}
 C - a potion of haste {unknown}
 D - a potion of brilliance {unknown}
Comestibles
 b - a royal jelly
 f - 2 bread rations
 l - 4 meat rations
 F - 4 chunks of flesh


   Skills:
 - Level 3.2 Fighting
 + Level 9.6 Maces & Flails
 - Level 3.2 Armour
 - Level 3.2 Shields


You had 7 spell levels left.
You didn't know any spells.

Dungeon Overview and Level Annotations

Branches:
Dungeon (6/15)             Temple (1/1) D:5

Altars:
Ashenzari
Cheibriados
Dithmenos
Elyvilon
Fedhas
Gozag
Kikubaaqudgha
Nemelex Xobeh
Okawaru
Pakellas
Qazlal
Sif Muna
Trog
Vehumet
Xom
Yredelemnul
Zin
The Shining One

Shops:
D:5 %


Innate Abilities, Weirdness & Mutations

You are resistant to torment.
Your stone body is resilient (AC +5).
You are immune to poison.
You resist negative energy.
You are resistant to electric shocks.
You can survive without breathing.
You are immune to petrification.
You are immune to rotting.


Message History

You kill the orc!
Okawaru accepts your kill.
The orc priest mumbles some strange prayers to Beogh against you.
Beogh smites you!
You hit the orc.
The orc is severely wounded.
The orc hits you but does no damage.
You hit the orc but do no damage.
The orc is severely wounded.
You hear the slow rusting of a very distant drain.
A goblin skeleton comes into view.
You block the orc's attack.
The orc priest mumbles some strange prayers to Beogh against you.
Beogh smites you!
* * * LOW HITPOINT WARNING * * *
Drink which item? (? for menu, Esc to quit)
You feel protected.
The orc priest calls down the wrath of Beogh upon you.
Beogh smites you!
You die...

#.. #.# # #.# .# #.#
####.##.
#.#########<......
#.##...........##. #
# #.##.######.##....
#...#Z###@##.# #)#
... #....oo.o....#
#)# .>
.Z..#####....######.#
. . #.........).#
##...#.######
#####... ###


You could see an orc priest and 2 orcs.

Vanquished Creatures
  Sigmund (D:6)
  A phantom (D:5)
  A centaur (D:5)
  A scorpion (D:5)
  A giant frog zombie (D:5)
  3 centaur skeletons
  4 orc wizards
  Crazy Yiuf (D:3)
  A hound (D:4)
  2 orc priests
  2 iguanas
  2 worker ants (D:4)
  2 hound skeletons (D:5)
  3 gnolls (D:2)
  5 adders
  3 oozes
  3 adder skeletons
  A worm (D:4)
  2 dart slugs
  4 giant geckos
  14 orcs
  5 giant cockroaches
  7 hobgoblins
  2 quokkas (D:4)
  10 bats
  6 giant newts
  7 goblins
  A jackal skeleton (D:4)
  9 kobolds
  6 rats
  2 fungi (D:5)
112 creatures vanquished.

Notes
Turn   | Place    | Note
--------------------------------------------------------------
     0 | D:1      | sleepydude the Gargoyle Fighter began the quest for the Orb.
     0 | D:1      | Reached XP level 1. HP: 14/14 MP: 1/1
    98 | D:1      | Reached XP level 2. HP: 17/19 MP: 2/2
   330 | D:1      | Reached skill level 3 in Maces & Flails
   589 | D:1      | Reached XP level 3. HP: 23/23 MP: 3/3
   942 | D:2      | Reached skill level 4 in Maces & Flails
   993 | D:2      | Reached XP level 4. HP: 23/28 MP: 4/4
  1647 | D:3      | Reached skill level 5 in Maces & Flails
  1647 | D:3      | Reached XP level 5. HP: 29/32 MP: 5/5
  1895 | D:3      | Noticed Crazy Yiuf
  1906 | D:3      | Killed Crazy Yiuf
  2146 | D:3      | Found an opulent altar of Gozag.
  2160 | D:3      | Found a sparkling altar of Nemelex Xobeh.
  2178 | D:3      | Found a shattered altar of Ashenzari.
  2300 | D:3      | Found an oddly glowing altar of Pakellas.
  2392 | D:4      | Reached skill level 6 in Maces & Flails
  2392 | D:4      | Reached XP level 6. HP: 36/37 MP: 6/6
  3269 | D:5      | Entered Level 5 of the Dungeon
  3269 | D:5      | Found a staircase to the Ecumenical Temple.
  3273 | D:5      | Noticed a phantom
  3275 | D:5      | Reached skill level 7 in Maces & Flails
  3332 | D:5      | Killed a phantom
  3332 | D:5      | Reached XP level 7. HP: 38/41 MP: 7/7
  3370 | Temple   | Entered the Ecumenical Temple
  3382 | Temple   | Became a worshipper of Warmaster Okawaru
  3518 | D:5      | Reached skill level 8 in Maces & Flails
  3648 | D:5      | Found Leoseaf's Food Emporium.
  3958 | D:6      | Noticed Sigmund
  3959 | D:6      | Reached * piety under Okawaru
  3959 | D:6      | Reached skill level 9 in Maces & Flails
  3959 | D:6      | Reached XP level 8. HP: 46/46 MP: 8/8
  3966 | D:6      | Killed Sigmund
  4004 | D:6      | HP: 2/46 [orc priest/divine providence (15)]
  4005 | D:6      | Killed from afar by an orc priest

Skill      XL: |  1  2  3  4  5  6  7 |
---------------+----------------------+-----
Maces & Flails | 3 4 5 6 7 9 |  9.6
Fighting       | |  3.2
Armour         | |  3.2
Shields        | |  3.2

Action                   |  1- 3 |  4- 6 |  7- 9 || total
-------------------------+-------+-------+-------++-------
Melee: Flail             |    46 |       |    48 ||    94
       Whip              |   119 |   308 |    82 ||   509
Invok: Heroism           |       |       |     1 ||     1
  Use: Scroll            |       |     6 |       ||     6
       Potion            |       |       |     1 ||     1
  Eat: Chunk             |     1 |     3 |     2 ||     6
       Bread ration      |       |     1 |       ||     1
Armor: Scale mail        |    10 |       |       ||    10
       Chain mail        |    89 |   181 |    58 ||   328
Dodge: Dodged            |    30 |    65 |    15 ||   110
Block: Shield            |    84 |   135 |    41 ||   260
